 Dungeon Crawl Stone Soup version 0.30-a0-457-g4b7bca3bfa (webtiles) character file.

Game seed: 6569073169750622870

30 WedgeAntilles64 the Vexing (level 3, -4/24 HPs)
             Began as a Human Enchanter on Dec 14, 2022.
             Slain by Crazy Yiuf
             ... wielding a +3 quarterstaff of chaos
              (14 damage)
             ... on level 2 of the Dungeon.
             The game lasted 00:11:47 (575 turns).

WedgeAntilles64 the Vexing (Human Enchanter)         Turns: 575, Time: 00:11:48

Health: -4/24      AC:  3    Str: 10    XL:     3   Next: 35%
Magic:  6/6        EV: 17    Int: 15    God:
Gold:   3          SH:  0    Dex: 13    Spells: 6/6 levels left

rFire   . . .      SeeInvis .    a - +1 dagger
rCold   . . .      Faith    .    (no shield)
rNeg    . . .      Spirit   .    f - +0 leather armour
rPois   .          Reflect  .    (no helmet)
rElec   .          Harm     .    (no cloak)
rCorr   .          Rampage  .    (no gloves)
Will    .....                    (no boots)
Stlth   ++........               (no amulet)
HPRegen 0.24/turn                (no ring)
MPRegen 0.10/turn                (no ring)

@: agile, invisible
A: no striking features
a: no special abilities


You were on level 2 of the Dungeon.
You visited 1 branch of the dungeon, and saw 2 of its levels.

You collected 55 gold pieces.
You spent 52 gold pieces at shops.

Inventory:

Hand Weapons
 a - a +1 dagger (weapon)
 e - a +0 dagger
 g - a +0 club
Missiles
 d - 4 silver javelins (quivered)
Armour
 b - a +0 robe
 f - a +0 leather armour (worn)
Potions
 c - a potion of invisibility


   Skills:
 + Level 0.1 Fighting
 + Level 1.2 Short Blades
 + Level 0.1 Throwing
 + Level 0.1 Armour
 + Level 2.3 Dodging
 + Level 3.1 Stealth
 + Level 2.2 Spellcasting
 + Level 3.5 Hexes


You had 6 spell levels left.
You didn't know any spells.
Your spell library contained the following spells:

 Spells                   Type           Power      Damage    Failure   Level
 Confusing Touch          Hex            12%        N/A       21%         3
 Tukima's Dance           Hex            12%        N/A       21%         3
 Ensorcelled Hibernation  Hex/Ice        14%        N/A       22%         2
 Dazzling Flash           Conj/Hex       14%        N/A       38%         3


Dungeon Overview and Level Annotations

Branches:
Dungeon (2/15)

Altars:

Shops:
D:2 [

Annotations:
D:2 Crazy Yiuf


Message History

The ball python bites you but does no damage.
The ball python grabs you. The ball python constricts you.
You closely miss the ball python. The ball python closely misses you.
The ball python constricts you.
You hit the ball python.
The ball python is moderately wounded.
The ball python bites you. The ball python constricts you.
You hit the ball python.
You kill the ball python!
Found a hammer.
Found a runed translucent door.
Crazy Yiuf shouts!
You open the door.
Throw: 5 javelins (silver)
Press: ? - help, Shift-Dir - straight line, f - Crazy Yiuf
Aim: Crazy Yiuf, wielding a +3 quarterstaff of chaos and wearing a +0 cloak (60% to hit, chaotic)
You throw a silver javelin.
The silver javelin pierces through Crazy Yiuf but does no damage.
The silver sears Crazy Yiuf!
Crazy Yiuf is lightly wounded.
Crazy Yiuf whimpers, "You noodlescoop infinity!"
Crazy Yiuf closely misses you.
You hit Crazy Yiuf.
Crazy Yiuf is moderately wounded.
Crazy Yiuf laughs, "Millenium!
Liver chair meccalolo."
Crazy Yiuf hits you with a +3 quarterstaff of chaos!
Crazy Yiuf freezes you. Crazy Yiuf attacks as you move away!
Crazy Yiuf hits you with a +3 quarterstaff of chaos!
* * * LOW HITPOINT WARNING * * *
You feel agile all of a sudden.
You fade into invisibility!
Crazy Yiuf barely misses you.
Crazy Yiuf yells, "Line meccalolo song!"
Crazy Yiuf cries, "Trifle!"
Crazy Yiuf says, "Candle!
Cod wrapper snail."
Crazy Yiuf yells, "Sif Muna!"
Crazy Yiuf says, "Rot cloud senile!"
Crazy Yiuf hits you with a +3 quarterstaff of chaos!
Ouch! That really hurt!
You die...

##..## +...# .#.# #...#
#...# #.#.# ## ....
#.#.# . ##... #.#.#
#.#... ..#.# #.#..##.#
. #.# #..>....#
#.#########@###########
#.........g...........#
###########.#########.#
#.# #.# .. #'# #.# ...
....# ######'######
#....######...#
#.........#..
#.........#...#
#.........#..
#.........#...#
#.........#..


You could see Crazy Yiuf (unable to see you).

Vanquished Creatures
  An adder (D:2)
  A dart slug (D:1)
  3 endoplasms (D:1)
  A goblin (D:2)
  A hobgoblin (D:1)
  A kobold (D:2)
  A quokka (D:1)
  5 ball pythons
  A frilled lizard (D:1)
  3 rats
18 creatures vanquished.

Vanquished Creatures (others)
  14 toadstools
14 creatures vanquished.

Grand Total: 32 creatures vanquished

Notes
Turn   | Place    | Note
-------+----------+-------------------------------------------
     0 | D:1      | WedgeAntilles64 the Human Enchanter began the quest for the
                  | Orb.
     0 | D:1      | Reached XP level 1. HP: 13/13 MP: 3/3
    86 | D:1      | Reached XP level 2. HP: 10/19 MP: 5/5
   323 | D:2      | Reached XP level 3. HP: 24/24 MP: 6/6
   362 | D:2      | Found Bugut's Antique Armour Shoppe.
   378 | D:2      | Bought a leather armour for 52 gold pieces
   541 | D:2      | Found a runed translucent door.
   542 | D:2      | Noticed Crazy Yiuf
   575 | D:2      | Slain by Crazy Yiuf

Illustrated notes

Levels and vault maps discovered:
D:1:      ldierk_walled_garden, layout_basic
D:2:      cheibrodos_fertilizer, layout_basic, serial_shops,
          nicolae_shop_statue_plus, uniq_crazy_yiuf_cottage, uniq_sigmund

Action                   || total
-------------------------++-------
Melee: Dagger            ||    44
Throw: Javelin           ||     9
  Use: Potion            ||     1
 Stab: Sleeping          ||     1
Armor: Robe              ||     3
       Leather armour    ||     2
Dodge: Dodged            ||    24

Table legend: (Time is in decaauts)
 A = Elapsed time spent in this place.
 B = Non-inter-level travel time spent in this place.
 C = Inter-level travel time spent in this place.
 D = Time resting spent in this place.
 E = Time spent auto-exploring this place.
 F = Levels seen in this place.
 G = Mean time per level.
                   A        B        C        D        E       F      G
               +--------+--------+--------+--------+--------+-----+--------+
         Total |    577 |    577 |      0 |     29 |     37 |   2 |  288.5 |
       Dungeon |    577 |    577 |      0 |     29 |     37 |   2 |  288.5 |
               +--------+--------+--------+--------+--------+-----+--------+

Top non-repeatable levels by time:
     D:2: 289 daAuts
     D:1: 287 daAuts
